 Dungeon Crawl Stone Soup version 0.29-a0-207-gf982a884d8 (webtiles) character file.

Game seed: 12547520908503338157

2321 siradein the Skirmisher (level 9, -6/79 HPs)
             Began as a Ghoul Fighter on Feb 24, 2022.
             Mangled by an orc knight
             ... wielding a +0 halberd
              (9 damage)
             ... in a bailey.
             The game lasted 00:47:47 (7803 turns).

siradein the Skirmisher (Ghoul Fighter)             Turns: 7803, Time: 00:47:47

Health: -6/79      AC: 21    Str: 20      XL:     9   Next: 41%
Magic:  17/17      EV:  5    Int:  2 (3)  God:
Gold:   327        SH:  5    Dex: 11 (12) Spells: 8/8 levels left

rFire   . . .      SeeInvis .   H - +2 dagger (venom)
rCold   + . .      Faith    .   c - +0 buckler
rNeg    + + +      Spirit   .   G - +0 plate armour
rPois   ∞          Reflect  .   q - +0 helmet of the Sailor {Regen+}
rElec   .          Harm     .   z - +0 cloak
rCorr   .          Rampage  .   h - +0 pair of gloves
Will    .....                   o - +0 pair of boots
Stlth   ..........              (no amulet)
HPRegen 0.00/turn               l - +4 ring of protection
MPRegen 0.15/turn               s - ring of magical power

@: attractive, inhibited regen
A: claws 1, cold resistance 1, negative energy resistance 3, inhibited
regeneration, torment resistance 2
a: no special abilities


You were in a bailey.
You visited 2 branches of the dungeon, and saw 8 of its levels.
You also visited: Bailey.

You collected 327 gold pieces.

Inventory:

Hand Weapons
 a - a +0 flail
 H - a +2 dagger of venom (weapon)
Missiles
 m - 11 javelins
 n - 122 stones
 D - 6 poisoned darts (quivered)
Armour
 c - a +0 buckler (worn)
 h - a +0 pair of gloves (worn)
 o - a +0 pair of boots (worn)
 q - the +0 helmet of the Sailor (worn) {Regen+}
   (You took it off Robin on level 3 of the Dungeon)

   Regen:     It increases your rate of health regeneration.
 z - a +0 cloak (worn)
 G - a +0 plate armour (worn)
Jewellery
 l - a +4 ring of protection (left hand)
 s - a ring of magical power (right hand)
Wands
 y - a wand of digging (8)
 A - a wand of polymorph (18)
 C - a wand of flame (12)
 E - a wand of paralysis (8)
Scrolls
 b - 2 scrolls of fog
 g - a scroll of enchant armour
 i - a scroll of vulnerability
 p - a scroll of blinking
 t - a scroll of teleportation {unknown}
 w - a scroll of amnesia {unknown}
 x - a scroll of acquirement {unknown}
 F - a scroll of fear {unknown}
 I - a scroll of immolation
Potions
 d - 2 potions of might
 f - 5 potions of curing
 j - a potion of attraction
 k - a potion of lignification {unknown}
 r - 2 potions of haste
 u - a potion of mutation
 v - a potion of berserk rage {unknown}
 B - a potion of degeneration {unknown}


   Skills:
 + Level 7.2 Fighting
 + Level 5.6 Maces & Flails
 + Level 6.1 Armour
 + Level 6.0 Shields
 + Level 2.6 Evocations


You had 8 spell levels left.
You didn't know any spells.
Your spell library was empty.

Dungeon Overview and Level Annotations

Branches:
Dungeon (7/15)             Temple (1/1) D:5          Bailey (1/1)

Altars:
Ashenzari
Cheibriados
Dithmenos
Elyvilon
Fedhas
Kikubaaqudgha
Nemelex Xobeh
Okawaru
Qazlal
Ru
Sif Muna
Trog
Uskayaw
Vehumet
Wu Jian
Yredelemnul
Zin
The Shining One

Shops:
D:5 (

Annotations:
D:5 3 runed translucent doors, lordive's ghost, novice KoHu


Innate Abilities, Weirdness & Mutations

You thrive by killing the living.
You are immune to poison.
You have sharp fingernails.
Your flesh is cold resistant. (rC+)
You are immune to negative energy. (rN+++)
You do not regenerate when monsters are visible.
You are immune to unholy pain and torment.


Message History

Your +2 dagger of venom begins to drip with poison!
H - a +2 dagger of venom (weapon)
The orc hits you but does no damage.
Really read the scroll of immolation? [Y]es or [N]o only, please.
Really read the scroll of immolation?
As you read the scroll of immolation, it crumbles to dust.
The creatures around you are filled with an inner flame!
The orc knight roars a battlecry!
The orcs go into a battle-frenzy!
The orc hits you with a +0 halberd!
You hit the orc but do no damage.
The orc is heavily wounded.
The orc knight hits you from afar with a +0 halberd!
You block the orc's attack.
You hit the orc.
Flame seeps out of the orc.
The orc is almost dead.
The orc knight hits you from afar with a +0 halberd!
The orc is engulfed in blazing flames.
The orc explodes!
The fiery explosion engulfs you!!!
* * * LOW HITPOINT WARNING * * *
It was a potion of mutation.
You feel extremely strange.
Your body decomposes!
You feel clumsy.
Your body decomposes!
You feel dopey.
It was a potion of attraction.
You feel attractive to monsters. The orc knight is attracted toward you.
The orc warrior is attracted toward you.
The orc is attracted toward you. You block the orc knight's attack.
The orc warrior is engulfed in blazing flames.
Flame seeps out of the orc warrior.
The orc knight is attracted toward you. The orc is attracted toward you.
Things that are here:
a +0 war axe; a +0 hand axe The orc knight hits you from afar with a +0 halberd!
You die...

#...#
#.).#
###)###
##..)..##
#.......#
#..)....#
#.).....#
#o)#.#.)#
#)##8##@#
#..#.#))#
#§)☼oo..#
#☼§§....#
#∩.....∩#
#.......#
##..∩..##
#######


You could see an orc knight (inner flame) and an orc (strong).

Vanquished Creatures
  Grinder (D:3)
  A water moccasin (D:5)
  A swamp drake (D:6)
  2 orc warriors (Bailey)
  A hornet zombie (D:6)
  An ice beast (D:6)
  2 necrophages (D:6)
  A centaur (D:5)
  A phantom (D:4)
  A kobold brigand (D:6)
  3 bullfrogs
  A wyvern zombie (D:6)
  A howler monkey (D:6)
  2 bullfrog zombies (D:6)
  3 centaur zombies (D:6)
  A human zombie (D:6)
  5 hounds
  A centaur skeleton (D:5)
  An iguana (D:5)
  5 orc wizards
  Terence (D:2)
  A killer bee zombie (D:7)
  2 mummies (D:6)
  Robin (D:3)
  A howler monkey skeleton (D:7)
  4 adders
  4 gnolls
  3 ufetubi
  An adder skeleton (D:4)
  A worm (D:3)
  3 dart slugs
  37 orcs
  6 ball pythons
  4 endoplasms
  A giant cockroach (D:3)
  18 goblins
  9 hobgoblins
  5 kobolds
  2 quokkas
  2 bats (D:1)
  2 frilled lizards
  A quokka skeleton (D:4)
  2 rats
146 creatures vanquished.

Vanquished Creatures (others)
  A plant (D:5)
1 creature vanquished.

Grand Total: 147 creatures vanquished

Notes
Turn   | Place    | Note
-------+----------+-------------------------------------------
     0 | D:1      | siradein the Ghoul Fighter began the quest for the Orb.
     0 | D:1      | Reached XP level 1. HP: 19/19 MP: 0/0
   126 | D:1      | You fall into a shaft and drop 1 floor!
   447 | D:2      | Reached XP level 2. HP: 24/26 MP: 1/1
   553 | D:2      | Noticed Terence
   569 | D:2      | Killed Terence
   570 | D:2      | Reached XP level 3. HP: 22/33 MP: 2/2
  1468 | D:2      | Reached XP level 4. HP: 40/40 MP: 3/3
  1857 | D:2      | Reached skill level 4 in Fighting
  3029 | D:3      | Identified the +0 helmet of the Sailor {Regen+}
  3029 | D:3      | Noticed Robin
  3057 | D:3      | Killed Robin
  3058 | D:3      | Reached XP level 5. HP: 36/46 MP: 4/4
  3255 | D:3      | Noticed Grinder
  3259 | D:3      | Paralysed by Grinder for 5 turns
  3271 | D:3      | Paralysed by Grinder for 4 turns
  3280 | D:3      | Paralysed by Grinder for 7 turns
  3294 | D:3      | Paralysed by Grinder for 4 turns
  3311 | D:3      | Killed Grinder
  3312 | D:3      | Reached XP level 6. HP: 31/53 MP: 5/5
  4433 | D:4      | Reached skill level 5 in Fighting
  4459 | D:4      | Reached XP level 7. HP: 31/61 MP: 6/6
  4773 | D:5      | Entered Level 5 of the Dungeon
  4773 | D:5      | Found a runed translucent gate.
  4806 | D:5      | Found a runed translucent gate.
  4806 | D:5      | Found a runed translucent gate.
  4808 | D:5      | Found Amelum's Hydra Hut.
  4814 | D:5      | Noticed a six-headed hydra
  4835 | D:5      | Noticed lordive's ghost (novice KoHu)
  4925 | D:5      | Found a staircase to the Ecumenical Temple.
  4935 | Temple   | Entered the Ecumenical Temple
  5623 | D:5      | Reached XP level 8. HP: 67/70 MP: 7/7
  6180 | D:5      | Reached skill level 6 in Fighting
  6180 | D:5      | Reached skill level 5 in Armour
  6377 | D:6      | Reached skill level 5 in Shields
  6476 | D:6      | Found a sacrificial altar of Ru.
  7078 | D:6      | Reached skill level 5 in Maces & Flails
  7087 | D:6      | Reached skill level 1 in Evocations
  7192 | D:6      | Reached XP level 9. HP: 77/78 MP: 8/8
  7240 | D:6      | Found an ancient bone altar of Kikubaaqudgha.
  7285 | D:6      | Reached skill level 7 in Fighting
  7503 | D:7      | Found a flagged portal.
  7545 | Bailey   | Entered a bailey
  7773 | Bailey   | Noticed an orc knight
  7797 | Bailey   | HP: 3/79 [spore (38)]
  7803 | Bailey   | Mangled by an orc knight

Illustrated notes

Levels and vault maps discovered:
D:1:      shiori_shiawase, layout_loops_ring, chequers_serial_rivers_micro_d
D:2:      layout_loops_corners, uniq_terence
D:3:      layout_basic, uniq_robin, uniq_grinder
D:4:      layout_basic
D:5:      layout_basic, minmay_temple_entry_stoned_glass,
          gammafunk_ghost_necromancy, doesnt_shop_hydraphobe
D:6:      layout_loops_ring, nicolae_ru_awakened_eye,
          lemuel_mausoleum_altar_kikubaaqudgha, hangedman_decor_opposing,
          minmay_crystal_room
D:7:      layout_basic, grunt_temple_overflow_champion_of_chaos, enter_bailey_5,
          serial_bayou, serial_bayou_crossing, serial_bayou_pond_a,
          serial_bayou_ford_a, serial_bayou_shore_b
Temple:   eino_temple_scatter_basement
Bailey:   bailey_polearm_5, bailey

Skill      XL: |  1  2  3  4  5  6  7  8  9 |
---------------+----------------------------+-----
Maces & Flails | 2 3 4 5 |  5.6
Armour         | 3 4 5 6 |  6.1
Shields        | 3 4 5 6 |  6.0
Fighting       | 4 5 6 7 |  7.2
Evocations     | 1 2 |  2.6

Action                   |  1- 3 |  4- 6 |  7- 9 || total
-------------------------+-------+-------+-------++-------
Melee: Flail             |    82 |   226 |   460 ||   768
       Dagger            |       |       |    21 ||    21
Throw: Dart              |       |       |    10 ||    10
       Javelin           |       |       |     1 ||     1
Evoke: Wand              |       |       |     4 ||     4
  Use: Potion            |       |       |     3 ||     3
       Scroll            |       |       |     6 ||     6
Armor: Scale mail        |     4 |       |       ||     4
       Chain mail        |    41 |   134 |   128 ||   303
       Plate armour      |       |       |   300 ||   300
Dodge: Dodged            |    28 |    81 |   163 ||   272
Block: Buckler           |    21 |    48 |   137 ||   206

Table legend: (Time is in decaauts)
 A = Elapsed time spent in this place.
 B = Non-inter-level travel time spent in this place.
 C = Inter-level travel time spent in this place.
 D = Time resting spent in this place.
 E = Time spent auto-exploring this place.
 F = Levels seen in this place.
 G = Mean time per level.
                   A        B        C        D        E       F      G
               +--------+--------+--------+--------+--------+-----+--------+
         Total |   7990 |   7730 |    260 |    287 |   5325 |   9 |  887.8 |
       Dungeon |   7504 |   7244 |    260 |    252 |   5110 |   7 | 1072.0 |
        Temple |    220 |    220 |      0 |     31 |    149 |   1 |  220.0 |
        Bailey |    264 |    264 |      0 |      4 |     66 |   1 |  264.0 |
               +--------+--------+--------+--------+--------+-----+--------+

Top non-repeatable levels by time:
     D:2: 2144 daAuts
     D:5: 1233 daAuts
     D:6: 1208 daAuts
     D:4: 1096 daAuts
     D:1: 842 daAuts
     D:3: 790 daAuts
  Bailey: 264 daAuts
  Temple: 220 daAuts
     D:7: 187 daAuts
